 Dungeon Crawl Stone Soup version 0.29.1-14-g9c671dbff4 (webtiles) character file.

Game seed: 1289638296110248153

947 sanboga the Shield-Bearer (level 8, 0/50 HPs)
             Began as a Gargoyle Fighter on Feb 16, 2023.
             Slain by an iguana (8 damage)
             ... on level 5 of the Dungeon on Feb 17, 2023.
             The game lasted 00:06:20 (4792 turns).

sanboga the Shield-Bearer (Gargoyle Fighter)        Turns: 4792, Time: 00:06:21

Health: 0/50       AC: 20    Str: 21    XL:     8   Next: 13%
Magic:  8/8        EV:  6    Int: 10    God:
Gold:   257        SH:  5    Dex:  9    Spells: 7/7 levels left

rFire   + . .      SeeInvis .   a - +0 war axe
rCold   + . .      Faith    .   c - +0 buckler
rNeg    + . .      Spirit   .   i - +0 plate armour
rPois   ∞          Reflect  .   o - +0 helmet
rElec   +          Harm     .   (no cloak)
rCorr   +          Rampage  .   (no gloves)
Will    .....      Clarity  +   f - +0 pair of boots
Stlth   ..........              (no amulet)
HPRegen 0.16/turn               (no ring)
MPRegen 0.11/turn               (no ring)

@: resistant
A: sickness immunity, AC +5, negative energy resistance 1, electricity
resistance, torment resistance 1, petrification resistance, hooves 1, clarity
a: no special abilities


You were on level 5 of the Dungeon.
You visited 1 branch of the dungeon, and saw 5 of its levels.

You collected 257 gold pieces.

Inventory:

Hand Weapons
 a - a +0 war axe (weapon)
Armour
 c - a +0 buckler (worn)
 f - a +0 pair of boots (worn)
 i - a +0 plate armour (worn)
 o - a +0 helmet (worn)
Wands
 s - a wand of mindburst (13)
Scrolls
 e - 2 scrolls of blinking
 g - a scroll of silence {unknown}
 j - a scroll of amnesia {unknown}
 k - 3 scrolls of teleportation
Potions
 b - a potion of flight
 d - 2 potions of might


   Skills:
 + Level 5.4 Fighting
 * Level 5.4 Axes
 + Level 5.5 Armour
 + Level 5.5 Shields


You had 7 spell levels left.
You didn't know any spells.
Your spell library was empty.

Dungeon Overview and Level Annotations

Branches:
Dungeon (5/15)
 Temple: D:4-7

Altars:
Fedhas
Yredelemnul

Shops:
D:3 [


Innate Abilities, Weirdness & Mutations

You are immune to sickness and miasma.
Your stone body is resilient. (AC +5)
You are immune to poison.
You resist negative energy. (rN+)
You are resistant to electric shocks. (rElec)
You are resistant to unholy torment.
You are immune to petrification.
You have large cloven feet.
You possess an exceptional clarity of mind.


Message History

You block the orc priest's attack.
An iguana comes into view.
The orc priest calls down the wrath of Beogh upon you.
Beogh smites you!
* * * LOW HITPOINT WARNING * * *
You block the iguana's attack.
You are too injured to fight recklessly!
You are too injured to fight recklessly!
You are too injured to fight recklessly!
You are too injured to fight recklessly!
You are too injured to fight recklessly!
You are too injured to fight recklessly!
Sorry, you're not good enough to have a special ability.
Okay, then.
It was a potion of resistance.
You feel protected. The iguana bites you.
* * * LOW HITPOINT WARNING * * *
The orc priest hits you but does no damage.
You completely miss the orc priest.
The orc priest is moderately wounded.
You slash the iguana!
The orc priest hits you but does no damage.
The iguana bites you but does no damage.
You hit the orc priest but do no damage.
The orc priest is moderately wounded.
You slash the iguana! You block the orc priest's attack.
The iguana hisses menacingly.
The iguana barely misses you.
You closely miss the orc priest.
The orc priest is moderately wounded.
You hit the iguana but do no damage.
The orc priest hits you but does no damage.
The iguana bites you but does no damage.
You closely miss the orc priest.
The orc priest is moderately wounded.
You hit the iguana but do no damage.
The orc priest miscasts a cantrip.
The iguana closely misses you. The iguana bites you!
You die...

#
#.##.######...#####
#.##.##.# #...# #
#.......# #...# #
####.#### #...# .#
#.# #...# #.####.#
#...# ##..)..#
##.## #.######
######.# .##
#...o@.# ##
......l#...# #
....###.##..... ###
. .#### ## #


You could see an iguana and an orc priest.

Vanquished Creatures
  Eustachio (D:4)
  Edmund (D:4)
  2 ice beasts
  An ogre (D:4)
  A scorpion (D:4)
  A hound (D:5)
  An orc priest (D:3)
  2 orc wizards
  7 gnolls
  9 adders
  A white imp (D:4)
  A worm (D:3)
  2 dart slugs (D:1)
  5 orcs
  8 ball pythons
  4 endoplasms
  2 giant cockroaches
  18 goblins
  6 hobgoblins
  4 jackals (D:3)
  7 quokkas
  5 bats
  3 frilled lizards
  5 kobolds
  3 rats
100 creatures vanquished.

Notes
Turn   | Place    | Note
-------+----------+-------------------------------------------
     0 | D:1      | sanboga the Gargoyle Fighter began the quest for the Orb.
     0 | D:1      | Reached XP level 1. HP: 14/14 MP: 1/1
    92 | D:1      | Reached XP level 2. HP: 8/19 MP: 2/2
   706 | D:1      | Reached XP level 3. HP: 23/23 MP: 3/3
   903 | D:1      | Found a faded altar of an unknown god.
  1192 | D:2      | Identified the +1 spear of the Unspeakable One {elec,
                  | Str+3}
  1495 | D:2      | Reached XP level 4. HP: 29/29 MP: 4/4
  1857 | D:3      | Found a blossoming altar of Fedhas.
  1868 | D:3      | Reached XP level 5. HP: 26/33 MP: 5/5
  2330 | D:3      | Found Veminys's Armour Shoppe.
  2788 | D:4      | Noticed an ice beast
  2799 | D:4      | Killed an ice beast
  2800 | D:4      | Reached XP level 6. HP: 39/39 MP: 6/6
  3201 | D:4      | Noticed Edmund
  3206 | D:4      | Gained mutation: You have an increased reservoir of magic.
                  | (+10% MP) [potion of mutation]
  3206 | D:4      | Gained mutation: You have large cloven feet. [potion of
                  | mutation]
  3206 | D:4      | Lost mutation: You have an increased reservoir of magic.
                  | (+10% MP) [potion of mutation]
  3206 | D:4      | Gained mutation: You possess an exceptional clarity of
                  | mind. [potion of mutation]
  3245 | D:4      | Killed Edmund
  3246 | D:4      | Reached XP level 7. HP: 21/44 MP: 7/7
  3482 | D:4      | Noticed Eustachio
  3517 | D:4      | Killed Eustachio
  3518 | D:4      | Reached skill level 5 in Fighting
  3518 | D:4      | Reached skill level 5 in Armour
  3518 | D:4      | Reached skill level 5 in Shields
  3799 | D:4      | Found a basalt altar of Yredelemnul.
  4086 | D:4      | Reached skill level 5 in Axes
  4528 | D:5      | Entered Level 5 of the Dungeon
  4629 | D:5      | Reached XP level 8. HP: 36/50 MP: 8/8
  4792 | D:5      | Slain by an iguana

Illustrated notes

Levels and vault maps discovered:
D:1:      psy_arrival_spokes, layout_rooms, nicolae_ecumenical_lake_church
D:2:      layout_loops_ring
D:3:      layout_loops_cross, mainiacjoe_overflow_tiny_flanked, serial_shops,
          shop, minivault_23, minmay_tree_intersection
D:4:      layout_loops_corners, lemuel_round_altar, minmay_ogre_servants,
          uniq_edmund, uniq_eustachio
D:5:      layout_loops_cross

Skill      XL: |  1  2  3  4  5  6  7 |
---------------+----------------------+-----
Axes           | 2 3 4 5 |  5.4
Shields        | 4 5 |  5.5
Fighting       | 4 5 |  5.4
Armour         | 4 5 |  5.5

Action                   |  1- 3 |  4- 6 |  7- 9 || total
-------------------------+-------+-------+-------++-------
Melee: War axe           |   123 |   187 |   126 ||   436
  Use: Scroll            |       |     7 |     2 ||     9
       Potion            |       |     4 |     2 ||     6
Armor: Scale mail        |    33 |       |       ||    33
       Plate armour      |    83 |   131 |   100 ||   314
       Skin              |       |    12 |       ||    12
Dodge: Dodged            |    46 |    40 |    33 ||   119
Block: Buckler           |    31 |    42 |    22 ||    95
